 Dungeon Crawl Stone Soup version 0.23.2-33-g5129a83184 (console) character file.

Game seed: 16353601037905561881

2464 Demesne the Skirmisher (level 9, 0/79 HPs)
             Began as a Demigod Wanderer on July 15, 2019.
             Slain by a killer bee (4 damage)
             ... on level 8 of the Dungeon.
             The game lasted 00:34:59 (9464 turns).

Demesne the Skirmisher (Demigod Wanderer)           Turns: 9464, Time: 00:34:59

Health: 0/79       AC: 16    Str: 14    XL:     9   Next: 5%
Magic:  14/14      EV: 12    Int: 31    God:
Gold:   270        SH:  3    Dex: 15    Spells: 8/8 levels left

rFire    + . .     SeeInvis .   a - +0 falchion (protect)
rCold    + . .     Gourm    .   (no shield)
rNeg     . . .     Faith    .   z - +0 ring mail
rPois    +         Spirit   .   t - +2 helmet {Int+3}
rElec    +         Reflect  +   (no cloak)
rCorr    +         Harm     .   (no gloves)
MR       .....                  (no boots)
Stlth    +.........             m - +3 amulet of reflection
HPRegen  0.23/turn              u - +5 ring of intelligence
MPRegen  0.14/turn              n - ring of poison resistance

@: lethally poisoned (0 -> -6), resistant, protection aura, very slightly
contaminated
A: high mp 1
a: no special abilities


You were on level 8 of the Dungeon.
You were not hungry.

You visited 1 branch of the dungeon, and saw 8 of its levels.

You collected 290 gold pieces.
You spent 20 gold pieces at shops.

Inventory:

Hand Weapons
 a - a +0 falchion of protection (weapon)
 b - a +0 blowgun
 c - a +0 quarterstaff
 d - a +0 falchion
 l - a +0 short sword
 q - a +0 shortbow
 B - a +2 halberd of protection
 F - a +2 dagger of draining
 G - a +0 short sword of speed
Missiles
 j - 136 stones (quivered)
 k - 11 tomahawks
 p - 158 arrows
 x - 8 poisoned needles
 C - 49 bolts
 H - 7 needles of frenzy
Armour
 e - a +0 robe
 t - a +2 helmet of intelligence (worn)
 z - a +0 ring mail (worn)
Magical Staves
 v - an uncursed staff of death {unknown}
Jewellery
 g - an uncursed ring of positive energy {unknown}
 m - a +3 amulet of reflection (around neck)
 n - a ring of poison resistance (right hand)
 u - a +5 ring of intelligence (left hand)
 E - an uncursed ring of resist corrosion {unknown}
Wands
 I - a wand of random effects (2)
Scrolls
 i - a scroll of amnesia
 r - 2 scrolls of identify
 y - a scroll of remove curse
Potions
 s - 2 potions of flight
 A - 2 potions of degeneration
Comestibles
 f - 5 rations


   Skills:
 - Level 7.3 Fighting
 - Level 4.5 Long Blades
   Level 1.0 Maces & Flails
 - Level 3.0 Throwing
 - Level 5.0 Armour
 * Level 3.7 Dodging
 - Level 2.4 Stealth
   Level 1.0 Shields
 + Level 2.6 Evocations


You had 8 spell levels left.
You didn't know any spells.
Your spell library was empty.

Dungeon Overview and Level Annotations

Branches:
Dungeon (8/15)             Temple (0/1) D:6
   Lair: D:8-11

Shops:
D:4 =   D:7 }(

Annotations:
D:4 Blork the orc, Grinder


Innate Abilities, Weirdness & Mutations

You have an increased reservoir of magic. (+10% MP)


Message History

Press: ? - help, Dir - move target cursor
As you read the scroll of blinking, it crumbles to dust.
* * * LOW HITPOINT WARNING * * *
You feel sick.
You closely miss the killer bee.
The killer bee is almost dead.
* * * LOW HITPOINT WARNING * * *
You feel sick. The killer bee misses you.
You riposte.
You hit the killer bee but do no damage.
Your weapon exudes an aura of protection.
The killer bee is almost dead.
The killer bee stings you but does no damage.
The killer bee closely misses you.
Unknown command.
Okay, then.
You hit the killer bee but do no damage.
The killer bee is almost dead.
* * * LOW HITPOINT WARNING * * *
You feel sick. The killer bee stings you.
You die...

#....#......##ยง####.#
#... #......##......#
#... #......###y##.##
#.. #......##......#
......####..###
......##......#
......###[##.##
......#.).##.#
......#.@y...#
......#...####
..###+##......#...#
.......<......#...#
..............#...#
......o.......#.>.##
...o..........#....#
........#######....#
..##+#### #.....#


You could see a killer bee (berserk).

Vanquished Creatures
  A hungry ghost (D:6)
  An orc warrior (D:8)
  A sky beast (D:7)
  A necrophage (D:7)
  2 ogres
  A centaur (D:5)
  A big kobold (D:6)
  4 bullfrogs
  2 scorpions (D:6)
  9 killer bees
  A howler monkey (D:6)
  A crimson imp (D:7)
  3 hounds
  A jelly (D:7)
  A gnoll shaman (D:5)
  2 orc priests
  A bullfrog skeleton (D:6)
  6 orc wizards
  2 iguanas
  7 worker ants
  A killer bee zombie (D:6)
  Robin (D:4)
  3 adders
  5 gnolls (D:6)
  2 shadow imps (D:7)
  3 oozes
  An adder skeleton (D:5)
  2 adder zombies (D:6)
  5 worms
  2 dart slugs
  3 leopard geckos
  16 orcs
  4 bats
  5 giant cockroaches
  15 goblins
  8 hobgoblins
  7 jackals
  6 quokkas
  7 frilled lizards
  10 kobolds
  A quokka zombie (D:5)
  3 rats
158 creatures vanquished.

Vanquished Creatures (collateral kills)
  An orc wizard (D:5)
  2 orcs (D:5)
  2 kobolds (D:6)
5 creatures vanquished.

Grand Total: 163 creatures vanquished

Notes
Turn   | Place    | Note
-------+----------+-------------------------------------------
     0 | D:1      | Demesne the Demigod Wanderer began the quest for the Orb.
     0 | D:1      | Demesne set off with the following items: a +2 dagger, a
                  | potion of haste, a +0 quarterstaff, a +0 falchion, a +0
                  | robe, a ration
     0 | D:1      | Reached XP level 1. HP: 17/17 MP: 3/3
    54 | D:1      | Reached skill level 2 in Fighting
   183 | D:1      | Reached XP level 2. HP: 23/25 MP: 5/5
  1022 | D:1      | Reached skill level 3 in Fighting
  1299 | D:2      | Reached XP level 3. HP: 25/31 MP: 6/6
  1551 | D:2      | Found a stormy altar of Qazlal.
  1883 | D:2      | Reached skill level 4 in Fighting
  2091 | D:3      | Reached XP level 4. HP: 40/40 MP: 7/7
  2597 | D:4      | Found Tasoot's Jewellery Shop.
  2606 | D:4      | Bought a cursed amulet of inaccuracy for 20 gold pieces
  2707 | D:4      | Reached skill level 1 in Throwing
  2747 | D:4      | Noticed Blork the orc
  2957 | D:4      | Noticed Robin
  3199 | D:4      | Noticed an ogre
  3229 | D:4      | HP: 1/40 [ogre/cursed +0 giant club (13)]
  3230 | D:5      | Entered Level 5 of the Dungeon
  3230 | D:5      | Noticed an ogre
  3624 | D:5      | Reached XP level 5. HP: 46/46 MP: 8/8
  3899 | D:5      | You fall through a shaft for 2 floors!
  3899 | D:7      | Noticed an ogre
  3943 | D:6      | Found a glowing golden altar of the Shining One.
  4165 | D:4      | Killed Robin
  4241 | D:4      | Noticed Grinder
  4249 | D:4      | Paralysed by Grinder for 6 turns
  4258 | D:4      | Paralysed by Grinder for 3 turns
  4441 | D:5      | Noticed a centaur
  4455 | D:5      | Killed a centaur
  4455 | D:5      | Reached XP level 6. HP: 46/52 MP: 9/9
  5183 | D:6      | Found a staircase to the Ecumenical Temple.
  5188 | D:6      | Found a white marble altar of Elyvilon.
  5188 | D:6      | Found a blossoming altar of Fedhas.
  5188 | D:6      | Found a shattered altar of Ashenzari.
  5190 | D:6      | Found a snail-covered altar of Cheibriados.
  5191 | D:6      | Found a sparkling altar of Nemelex Xobeh.
  5354 | D:6      | Reached XP level 7. HP: 47/60 MP: 10/10
  5734 | D:6      | Reached skill level 5 in Fighting
  5957 | D:6      | Found a shattered altar of Ashenzari.
  5981 | D:6      | Reached skill level 6 in Fighting
  6730 | D:7      | Found Fenwa's Antique Weapon Shop.
  6832 | D:7      | Reached skill level 7 in Fighting
  6832 | D:7      | Reached XP level 8. HP: 61/73 MP: 11/11
  7730 | D:7      | Found Une Ypt's Gadget Boutique.
  8087 | D:7      | Reached skill level 5 in Armour
  9349 | D:8      | Reached XP level 9. HP: 79/79 MP: 13/13
  9464 | D:8      | Slain by a killer bee

Skill      XL: |  1  2  3  4  5  6  7  8 |
---------------+-------------------------+-----
Fighting       | 2 3 4 7 |  7.3
Stealth        | 2 |  2.4
Throwing       | 2 3 |  3.0
Long Blades    | 3 4 |  4.5
Armour         | 5 |  5.0
Evocations     | 2 |  2.6
Dodging        | 3 |  3.7
Maces & Flails | |  1.0
Shields        | |  1.0

Action                   |  1- 3 |  4- 6 |  7- 9 || total
-------------------------+-------+-------+-------++-------
Melee: Dagger            |   181 |    57 |       ||   238
       Falchion          |       |   120 |   426 ||   546
 Fire: Blowgun           |       |    97 |    81 ||   178
       Shortbow          |       |     5 |       ||     5
Throw: Stone             |    30 |     1 |     4 ||    35
Evoke: Wand              |       |       |    19 ||    19
  Use: Scroll            |       |     9 |     7 ||    16
       Potion            |       |     5 |     4 ||     9
 Stab: Sleeping          |     8 |     1 |       ||     9
       Invisible         |       |       |     2 ||     2
  Eat: Chunk             |     4 |    10 |    14 ||    28
       Ration            |       |       |     3 ||     3
Armor: Robe              |    32 |     9 |       ||    41
       Ring mail         |       |    55 |   263 ||   318
       Leather armour    |       |     7 |       ||     7
Dodge: Dodged            |   101 |   129 |   276 ||   506
Block: Other             |       |    17 |    71 ||    88
       Reflection        |       |     1 |       ||     1
       Rpst.: Falchion   |       |    17 |    83 ||   100
